Map: Blackpink LE

Players

Dark - Winner!

  • Race: Zerg Zerg
  • Spawn Location: 1:00

uThermal

  • Race: Terran Terran
  • Spawn Location: 7:00

Event: IEM Season 12 - Katowice

VOD

Have the link to the VOD?

Description

Time

  • Played on: March 1, 2018, 3:47 p.m.
  • Length: 12:11

All games in this series

Show
View Real Time Build Order
Export as new Build Order

Dark Zerg - Winner!

Build Orders: Hatch First 

Get SALT Encoding   

  12  0:00  Drone  
  13  0:12  Overlord  
  13  0:17  Drone  
  14  0:31  Drone x2  
  16  0:37  Drone  
  17  0:51  Hatchery  
  17  0:54  Drone  
  17  0:57  Drone  
  18  1:10  Extractor  
  17  1:13  Spawning Pool  
  17  1:15  Drone  
  17  1:18  Drone  
  18  1:28  Drone  
  19  1:39  Drone  
  20  1:50  Overlord  
  20  2:00  Queen  
  22  2:02  Queen  
  22  2:03  Zergling x4  
  26  2:09  Metabolic Boost  
  26  2:12  Drone  
  26  2:13  Drone  
  29  2:22  Drone  
  29  2:34  Drone  
  29  2:36  Hatchery  
  28  2:40  Drone x2  
  30  2:48  Queen  
  32  2:53  Overlord  
  32  2:55  Drone  
  32  2:58  Drone  
  34  3:06  Overlord  
  34  3:08  Drone  
  34  3:10  Drone  
  34  3:12  Drone  
  37  3:13  Drone  
  37  3:14  Drone  
  37  3:17  Drone  
  40  3:24  Drone  
  40  3:25  Drone x3  
  43  3:36  Roach Warren, Overlord  
  43  3:37  Drone  
  43  3:42  Zergling x2  
  43  3:46  Drone  
  43  3:48  Lair  
  45  3:54  Drone, Extractor, Zergling x6  
  45  3:55  Extractor  
  48  3:58  Queen  
  48  4:00  Zergling x2  
  51  4:02  Drone  
  51  4:03  Drone  
  51  4:07  Zergling x2  
  51  4:08  Drone  
  54  4:10  Drone  
  54  4:13  Drone x2  
  57  4:22  Drone  
  58  4:24  Roach x3, Spore Crawler  
  58  4:30  Drone x2  
  65  4:35  Drone  
  65  4:38  Overlord  
  66  4:56  Drone, Overlord  
  66  4:57  Drone x2  
  66  4:58  Drone x4, Glial Reconstitution  
  66  4:59  Drone  
  74  5:00  Overseer  
  74  5:02  Overlord  
  74  5:05  Evolution Chamber  
  74  5:06  Evolution Chamber  
  72  5:08  Drone x2  
  72  5:11  Overseer  
  74  5:28  Drone x3  
  73  5:30  Drone x4  
  73  5:32  Zerg Missile Weapons Level 1, Zerg Ground Armor Level 1  
  73  5:34  Drone x3  
  77  5:39  Drone x2  
  77  5:40  Drone  
  80  5:45  Drone x2  
  80  5:46  Overlord x2  
  80  5:47  Extractor  
  80  5:48  Extractor  
  80  5:50  Drone  
  80  5:53  Queen, Overlord  
  80  5:55  Drone x2  
  85  5:59  Extractor  
  85  6:00  Roach x3  
  90  6:07  Roach  
  90  6:08  Roach  
  93  6:13  Roach x5  
  93  6:14  Roach  
  105  6:19  Hatchery  
  105  6:21  Ravager  
  105  6:23  Overlord x2  
  105  6:29  Overlord  
  105  6:31  Overlord  
  105  6:34  Overlord x2  
  105  6:43  Roach x3  
  105  6:44  Ravager x2  
  105  6:45  Roach x2, Ravager  
  118  6:48  Roach  
  118  6:49  Roach x2  
  118  6:50  Roach x2  
  128  6:58  Roach x5  
  136  7:03  Roach x3  
  131  7:09  Roach x2  
  135  7:17  Roach  
  135  7:18  Roach x2  
  135  7:21  Roach  
  139  7:25  Roach x3  
  139  7:26  Overlord x2  
  131  7:44  Zerg Ground Armor Level 2, Zerg Melee Weapons Level 1  
  115  7:46  Queen  
  115  7:47  Drone x3  
  115  7:48  Drone x4, Baneling Nest  
  115  7:50  Drone x2  
  123  7:56  Hatchery  
  122  8:02  Zergling x12  
  122  8:05  Ravager x2  
  130  8:11  Zergling x2  
  130  8:12  Zergling x6  
  134  8:18  Zergling x4  
  136  8:27  Zergling x12  
  142  8:34  Centrifical Hooks  
  142  8:36  Zergling x6  
  142  8:37  Zergling x2  
  142  8:38  Baneling  
  142  8:39  Baneling x11  
  146  8:44  Infestation Pit, Zergling x2  
  146  8:45  Zergling x2  
  147  8:48  Drone  
  147  8:50  Overlord  
  147  8:52  Zergling x8  
  147  8:55  Baneling x2  
  150  9:00  Zergling x2  
  150  9:01  Zergling x8  
  155  9:08  Zergling x6  
  158  9:15  Zergling x8  
  158  9:16  Zergling x2  
  161  9:18  Baneling x4  
  161  9:20  Hatchery, Zergling x8  
  161  9:24  Hive  
  164  9:27  Baneling x5  
  164  9:31  Zergling x10  
  168  9:38  Zergling x4  
  168  9:39  Zergling x4  
  168  9:41  Zerg Melee Weapons Level 2, Hatchery  
  168  9:43  Baneling x9  
  171  9:46  Zergling x12  
  171  9:48  Zergling x2  
  176  9:53  Baneling x7  
  176  9:56  Zergling x8  
  176  9:59  Baneling x3  
  180  10:00  Baneling x9  
  180  10:01  Zergling x2  
  180  10:04  Overlord x3  
  165  10:19  Zergling x32  
  154  10:26  Zergling x6  
  154  10:27  Zergling x4  
  156  10:28  Baneling  
  156  10:29  Baneling x11  
  156  10:31  Zergling x6  
  159  10:38  Ravager x5  
  159  10:39  Zergling x6  
  159  10:41  Drone x2  
  159  10:42  Spore Crawler  
  168  10:46  Zergling x4  
  170  10:57  Drone x3  
  170  10:59  Zergling x10  
  178  11:05  Ultralisk Cavern  
  178  11:10  Zergling x14  
  166  11:19  Zergling x8  
  166  11:23  Zergling x16  
  165  11:28  Zergling x4  
  165  11:33  Zergling x2  
  165  11:34  Zergling x12  
  165  11:38  Baneling x7  
  172  11:42  Baneling x2, Zergling x10  
  172  11:43  Zergling x2  
  178  11:47  Baneling x3  
  178  11:49  Zergling x6  
  178  11:50  Baneling x2  
  178  11:51  Baneling x3  
Show
View Real Time Build Order
Export as new Build Order

uThermal Terran 

Build Orders: Reaper Expand, Bio Tank, Hellion Banshee 

Get SALT Encoding   

  12  0:01  SCV  
  13  0:13  SCV  
  14  0:18  Supply Depot  
  14  0:25  SCV  
  15  0:40  SCV  
  15  0:41  Barracks  
  16  0:45  Refinery  
  16  0:52  SCV  
  18  1:04  SCV  
  18  1:16  SCV  
  19  1:28  Reaper, Orbital Command  
  20  1:38  Command Center  
  20  1:48  Supply Depot  
  20  1:53  SCV  
  21  2:00  Marine  
  22  2:06  SCV  
  23  2:09  Factory  
  23  2:12  Refinery  
  23  2:18  SCV  
  23  2:22  Barracks Reactor  
  24  2:30  SCV  
  24  2:42  SCV  
  25  2:50  Orbital Command  
  25  2:53  Starport  
  25  2:54  SCV  
  26  3:02  Hellion x2  
  26  3:04  Barracks Tech Lab  
  30  3:06  SCV  
  31  3:17  SCV  
  31  3:18  SCV  
  33  3:23  Hellion x2  
  37  3:29  SCV  
  37  3:31  SCV  
  39  3:35  Supply Depot, Banshee  
  39  3:37  Barracks Tech Lab  
  39  3:41  SCV  
  43  3:43  SCV  
  43  3:45  Hellion  
  46  3:56  SCV x2  
  46  3:57  Hellion, Marine  
  46  3:58  Stimpack  
  46  3:59  Supply Depot  
  51  4:07  Supply Depot  
  51  4:09  SCV x2  
  53  4:14  Marine  
  54  4:24  Starport Reactor, SCV x2, Barracks  
  54  4:26  Barracks  
  54  4:30  Engineering Bay  
  56  4:32  Marine  
  56  4:33  Supply Depot  
  56  4:35  Siege Tank  
  56  4:37  SCV  
  62  4:38  SCV  
  62  4:45  Refinery  
  62  4:49  SCV  
  62  4:50  Marine  
  64  4:56  SCV, Barracks  
  64  4:57  Barracks  
  65  5:00  Terran Infantry Weapons Level 1  
  65  5:01  SCV  
  66  5:07  Siege Tank  
  66  5:08  Marine  
  66  5:09  Starport Reactor  
  66  5:11  SCV  
  71  5:14  Marine x2  
  73  5:24  Marine  
  73  5:25  Marine  
  73  5:26  Marine  
  69  5:32  Marine x2  
  69  5:33  Refinery  
  66  5:39  Siege Tank  
  66  5:42  Marine  
  70  5:43  Marine  
  70  5:44  Marine x3  
  70  5:45  Supply Depot  
  70  5:46  Supply Depot  
  70  5:48  Medivac x2  
  78  6:06  Supply Depot  
  78  6:07  Marine x7  
  85  6:11  Siege Tank  
  88  6:19  Combat Shields  
  88  6:24  Marine x5  
  93  6:27  Medivac  
  93  6:28  Marine x2  
  93  6:29  Supply Depot  
  93  6:32  Supply Depot  
  97  6:42  Marine x3  
  97  6:43  Siege Tank  
  102  6:51  Supply Depot, Marine x4  
  106  6:54  Terran Infantry Armor Level 1  
  106  6:58  Medivac  
  98  7:09  Marine  
  98  7:11  Marine x2  
  97  7:15  Marine  
  97  7:17  Siege Tank  
  97  7:19  Medivac  
  97  7:22  Marine x2  
  91  7:25  Marine  
  91  7:26  Marine  
  91  7:29  Marine x2  
  98  7:33  Marine  
  76  7:40  Marine x2, Liberator  
  76  7:42  Liberator  
  76  7:43  Marine  
  71  7:44  Marine  
  71  7:47  Marine x2  
  76  7:51  Marine  
  76  7:56  Siege Tank  
  76  7:58  Marine x2  
  80  8:01  Marine  
  80  8:02  Marine  
  80  8:04  Marine  
  80  8:05  Marine  
  88  8:09  Marine  
  89  8:16  Marine x2  
  89  8:19  Marine  
  91  8:20  Marine  
  91  8:22  Marine x2  
  91  8:23  Liberator  
  91  8:25  Liberator  
  94  8:27  Marine  
  94  8:28  Siege Tank  
  94  8:32  Supply Depot  
  94  8:33  Marine  
  94  8:34  Marine  
  100  8:36  Marine  
  100  8:38  Marine  
  100  8:40  Marine x2  
  107  8:45  Marine  
  111  8:51  Marine x2  
  111  8:53  Supply Depot  
  111  8:54  Marine  
  114  8:55  Supply Depot, Marine  
  114  8:58  Marine x2  
  114  9:02  Marine  
  116  9:06  Siege Tank  
  116  9:09  Supply Depot, Marine x2  
  122  9:11  Liberator  
  122  9:12  Marine  
  122  9:13  Marine  
  122  9:16  Marine x2  
  126  9:20  Marine, Liberator  
  126  9:27  Marine x2  
  126  9:30  Marine  
  132  9:31  Marine  
  132  9:34  Marine  
  132  9:35  Marine  
  138  9:38  Marine  
  139  9:46  Siege Tank  
  142  9:53  Marine x2  
  142  9:54  Marine  
  142  9:55  Supply Depot  
  142  9:56  Marine x2  
  147  10:05  Marine  
  148  10:11  Medivac  
  144  10:19  Marine x5  
  108  10:25  Marine  
  108  10:26  Marine  
  103  10:36  Marine  
  103  10:37  Marine x4  
  108  10:43  Marine  
  108  10:44  Marine  
  110  10:52  Orbital Command  
  110  10:54  Marine  
  111  10:58  Medivac x2  
  111  10:59  Marine x2  
  111  11:00  Marine  
  111  11:03  Marine  
  116  11:05  Marine  
  116  11:08  Marine  
  115  11:12  Marine  
  115  11:17  Marine x2  
  118  11:25  Marine x2  
  109  11:29  Siege Tank  
  109  11:31  Marine  
  110  11:35  Marine  
  110  11:37  Marine  
  110  11:39  Marine x2  
  113  11:42  Marine  
  113  11:43  Marine  
  116  11:49  Marine  

Tags
 
Add a new tag
Caveats
  • Supply blocks, unpowered buildings, or Contaminate may cause inaccurate times.
  • Supply counts are checked every 10 seconds.